BSA
NEVADA NOISE @ MAUI TROPICS
03/20/2028
 
TOP OF THE 1ST
Nevada Noise batting - Pitching for Maui Tropics : RHP Ronald Cotton
Pitching: RHP Ronald Cotton
Batting: RHB Franklin Shaw 0-0: Called Strike
0-1: SINGLE (Groundball, 34D)
Batting: LHB Jeff Cole 0-0: Called Strike
0-1: Called Strike
0-2: Foul Ball, location: 2F
0-2: Ball
1-2: Foul Ball, location: 2F
1-2: Grounds into double play, 4-6-3 (Groundball, 34)
Batting: LHB Caleb Hall 0-0: Ball
1-0: Ball
2-0: Ground out 5-3 (Groundball, 25)
Top of the 1st over - 0 run(s), 1 hit(s), 0 error(s), 0 left on base; Nevada 0 - Maui 0
BOTTOM OF THE 1ST
Maui Tropics batting - Pitching for Nevada Noise : RHP Wayne Sawyer
Pitching: RHP Wayne Sawyer
Batting: LHB Mike Pearson 0-0: Ground out 4-3 (Groundball, 4S)
Batting: RHB Matt Silver 0-0: Called Strike
0-1: Ball
1-1: Ball
2-1: Ball
3-1: Foul Ball, location: 2F
3-2: Ground out 6-3 (Groundball, 6)
Batting: RHB Jesús Espinoza 0-0: Ball
1-0: Ball
2-0: Ground out 6-3 (Groundball, 6)
Bottom of the 1st over - 0 run(s), 0 hit(s), 0 error(s), 0 left on base; Nevada 0 - Maui 0
TOP OF THE 2ND
Nevada Noise batting - Pitching for Maui Tropics : RHP Ronald Cotton
Batting: LHB Milton Watson 0-0: Ball
1-0: Called Strike
1-1: Foul Ball, location: 2F
1-2: Foul Ball, location: 2F
1-2: Foul Ball, location: 2F
1-2: Ball
2-2: Foul Ball, location: 2F
2-2: Ball
3-2: DOUBLE (Line Drive, 8LXD)
Batting: LHB Pablo Reyes 0-0: Fly out, F9 (Line Drive, 89M)
Batting: RHB Pepe González 0-0: Swinging Strike
0-1: Ball
1-1: Ball
2-1: Foul Ball, location: 2F
2-2: SINGLE (Line Drive, 9)
Milton Watson to third
Runner from 3rd tries for Home, SAFE, throw made home
Batting: RHB Doug Brown 0-0: Foul Ball, location: 2F
0-1: Swinging Strike
0-2: Strikes out looking
Batting: RHB Vern Carlton 0-0: Called Strike
0-1: Ball
1-1: Ball
2-1: Called Strike
2-2: Ball
3-2: Base on Balls
Pepe González to second
Batting: RHB Carlos García 0-0: Ball
1-0: Called Strike
1-1: Swinging Strike
1-2: Ball
2-2: Strikes out swinging
Top of the 2nd over - 1 run(s), 2 hit(s), 0 error(s), 2 left on base; Nevada 1 - Maui 0
BOTTOM OF THE 2ND
Maui Tropics batting - Pitching for Nevada Noise : RHP Wayne Sawyer
Batting: RHB Luis Alou 0-0: Foul Ball, location: 2F
0-1: Foul Ball, location: 2F
0-2: Strikes out looking
Batting: RHB José Herrera 0-0: Ground out 1-3 (Groundball, 13)
Batting: LHB José Rivas 0-0: Ball
1-0: Ball
2-0: Ball
3-0: Called Strike
3-1: Foul Ball, location: 2F
3-2: Foul Ball, location: 2F
3-2: Base on Balls
Batting: RHB Ximena Campos 0-0: Called Strike
0-1: Swinging Strike
0-2: Ball
1-2: Fielders Choice at 2nd, 5-4 (Groundball, 56)
Bottom of the 2nd over - 0 run(s), 0 hit(s), 0 error(s), 0 left on base; Nevada 1 - Maui 0
TOP OF THE 3RD
Nevada Noise batting - Pitching for Maui Tropics : RHP Ronald Cotton
Batting: RHB Franklin Shaw 0-0: Called Strike
0-1: Foul Ball, location: 2F
0-2: Ball
1-2: Ball
2-2: Foul Ball, location: 2F
2-2: Strikes out swinging
Batting: LHB Jeff Cole 0-0: Ground out 4-3 (Groundball, 4)
Batting: LHB Caleb Hall 0-0: Foul Ball, location: 2F
0-1: Ball
1-1: Foul Ball, location: 2F
1-2: Strikes out looking
Top of the 3rd over - 0 run(s), 0 hit(s), 0 error(s), 0 left on base; Nevada 1 - Maui 0
BOTTOM OF THE 3RD
Maui Tropics batting - Pitching for Nevada Noise : RHP Wayne Sawyer
Batting: LHB Mark Everett 0-0: SINGLE (Line Drive, 7LS)
Batting: LHB Mario Olivares 0-0: Ball
Passed Ball!
Mark Everett to second
1-0: Ball
2-0: Called Strike
2-1: Foul Ball, location: 2F
2-2: Strikes out looking
Batting: LHB Mike Pearson 0-0: Ball
1-0: Swinging Strike
1-1: Ball
2-1: Ball
3-1: Called Strike
3-2: Foul Ball, location: 2F
3-2: Fly out, F3 (Popup, 3D)
Batting: RHB Matt Silver 0-0: Ball
1-0: Foul Ball, location: 2F
1-1: DOUBLE (Line Drive, 7LM)
Mark Everett scores
Batting: RHB Jesús Espinoza 0-0: Ball
1-0: Ball
2-0: Called Strike
2-1: Ball
3-1: Foul Ball, location: 2F
3-2: Base on Balls
Batting: RHB Luis Alou 0-0: Called Strike
0-1: Fielders Choice at 2nd, 6-4 (Groundball, 6)
Bottom of the 3rd over - 1 run(s), 2 hit(s), 0 error(s), 1 left on base; Nevada 1 - Maui 1
TOP OF THE 4TH
Nevada Noise batting - Pitching for Maui Tropics : RHP Ronald Cotton
Batting: LHB Milton Watson 0-0: Ball
1-0: Called Strike
1-1: Called Strike
1-2: Ball
2-2: Ball
3-2: Foul Ball, location: 2F
3-2: Foul Ball, location: 2F
3-2: Ground out 4-3 (Groundball, 4S)
Batting: LHB Pablo Reyes 0-0: SOLO HOME RUN (Flyball, 78XD), Distance : 414 ft
Batting: RHB Pepe González 0-0: Ball
1-0: Fly out, F7 (Flyball, 7S)
Batting: RHB Doug Brown 0-0: Ground out 5-3 (Groundball, 56)
Top of the 4th over - 1 run(s), 1 hit(s), 0 error(s), 0 left on base; Nevada 2 - Maui 1
BOTTOM OF THE 4TH
Maui Tropics batting - Pitching for Nevada Noise : RHP Wayne Sawyer
Batting: RHB José Herrera 0-0: Foul Ball, location: 2F
0-1: Ball
1-1: Ball
2-1: Ball
3-1: Base on Balls
Batting: LHB José Rivas 0-0: Ball
1-0: Called Strike
José Herrera steals 2nd base
1-1: Ground out 6-3 (Groundball, 6)
José Herrera to third
Batting: RHB Ximena Campos Balk!
José Herrera scores
0-0: Called Strike
0-1: Ball
1-1: Foul Ball, location: 2F
1-2: Ball
2-2: Strikes out swinging
Batting: LHB Mark Everett 0-0: Called Strike
0-1: Ground out 4-3 (Groundball, 4S)
Bottom of the 4th over - 1 run(s), 0 hit(s), 0 error(s), 0 left on base; Nevada 2 - Maui 2
TOP OF THE 5TH
Nevada Noise batting - Pitching for Maui Tropics : RHP Ronald Cotton
Pitching: RHP José García
Batting: RHB Vern Carlton 0-0: Ball
1-0: Ball
2-0: Called Strike
2-1: Fly out, F9 (Flyball, 9S)
Batting: RHB Carlos García 0-0: Ball
1-0: Called Strike
1-1: Ball
2-1: Swinging Strike
2-2: Ball
3-2: Foul Ball, location: 2F
3-2: Foul Ball, location: 2F
3-2: Fly out, F7 (Flyball, 7)
Batting: RHB Franklin Shaw 0-0: Called Strike
0-1: Fly out, F9 (Flyball, 9LMF)
Top of the 5th over - 0 run(s), 0 hit(s), 0 error(s), 0 left on base; Nevada 2 - Maui 2
BOTTOM OF THE 5TH
Maui Tropics batting - Pitching for Nevada Noise : RHP Wayne Sawyer
Pitching: LHP David Taylor
Batting: LHB Mario Olivares 0-0: Ball
1-0: Foul Ball, location: 2F
1-1: Called Strike
1-2: Ball
2-2: Strikes out swinging
Batting: LHB Mike Pearson 0-0: Reached via error on a dropped throw, E3
Batting: RHB Matt Silver 0-0: Ball
1-0: Called Strike
1-1: Called Strike
Mike Pearson is caught stealing 2nd base
1-2: Fly out, F6 (Line Drive, 6)
Bottom of the 5th over - 0 run(s), 0 hit(s), 1 error(s), 0 left on base; Nevada 2 - Maui 2
TOP OF THE 6TH
Nevada Noise batting - Pitching for Maui Tropics : RHP José García
Batting: LHB Jeff Cole 0-0: Called Strike
0-1: Swinging Strike
0-2: Ball
1-2: Ball
2-2: Strikes out swinging
Batting: LHB Caleb Hall 0-0: Called Strike
0-1: Ball
1-1: SINGLE (Groundball, 4MD)
Batting: LHB Milton Watson 0-0: Ball
1-0: Ball
2-0: Foul Ball, location: 2F
2-1: Foul Ball, location: 2F
2-2: Ball
3-2: Grounds into double play, 6-4-3 (Groundball, 6)
Top of the 6th over - 0 run(s), 1 hit(s), 0 error(s), 0 left on base; Nevada 2 - Maui 2
BOTTOM OF THE 6TH
Maui Tropics batting - Pitching for Nevada Noise : LHP David Taylor
Batting: RHB Jesús Espinoza 0-0: SINGLE (Line Drive, 4MD)
Batting: RHB Luis Alou 0-0: SINGLE (Line Drive, 56)
Jesús Espinoza to second
Batting: RHB José Herrera 0-0: Ball
1-0: Ball
2-0: DOUBLE (Line Drive, 9LM)
Jesús Espinoza scores
Luis Alou to third
Batting: LHB José Rivas 0-0: Called Strike
0-1: Called Strike
0-2: Ball
1-2: SINGLE (Groundball, 34D)
Luis Alou scores
José Herrera to third
Pitching: LHP Alberto Martínez
Batting: RHB Ximena Campos 0-0: Foul Ball, location: 2F
0-1: Ball
1-1: Ground out 5-3 (Groundball, 56S)
José Herrera scores
José Rivas to second
Batting: LHB Mark Everett 0-0: Intentional Walk
Batting: LHB Mario Olivares 0-0: Foul Ball, location: 2F
0-1: Foul Ball, location: 2F
0-2: Fly out, F8 (Flyball, 78M)
Pinch Hitting: RHB David Moran 0-0: Ground out 1-3 (Groundball, 15S)
Bottom of the 6th over - 3 run(s), 4 hit(s), 0 error(s), 2 left on base; Nevada 2 - Maui 5
TOP OF THE 7TH
Nevada Noise batting - Pitching for Maui Tropics : RHP José García
Now at 2B: John Brown
Batting: LHB Pablo Reyes 0-0: Ball
1-0: Called Strike
1-1: Swinging Strike
1-2: Strikes out looking
Batting: RHB Pepe González 0-0: Foul Ball, location: 2F
0-1: Called Strike
0-2: Ball
1-2: Ball
2-2: Ball
3-2: Ground out 5-3 (Groundball, 56S)
Batting: RHB Doug Brown 0-0: Foul Ball, location: 2F
0-1: Foul Ball, location: 2F
0-2: SINGLE (Line Drive, 89S)
Batting: RHB Vern Carlton 0-0: Ball
1-0: Ground out 1-3 (Groundball, 15S)
Top of the 7th over - 0 run(s), 1 hit(s), 0 error(s), 1 left on base; Nevada 2 - Maui 5
BOTTOM OF THE 7TH
Maui Tropics batting - Pitching for Nevada Noise : LHP Alberto Martínez
Pinch Hitting: RHB José Rodríguez 0-0: Fly out, F6 (Line Drive, 6)
Pinch Hitting: SHB Ryobe Yamamoto 0-0: Ball
1-0: Foul Ball, location: 2F
1-1: Ball
2-1: Called Strike
2-2: Ball
3-2: Foul Ball, location: 2F
3-2: Foul Ball, location: 2F
3-2: Foul Ball, location: 2F
3-2: Base on Balls
Pinch Hitting: RHB Jeff Packard 0-0: Ball
1-0: Ball
2-0: Called Strike
2-1: SINGLE (Groundball, 56D)
Ryobe Yamamoto to second
Batting: RHB Richard Bankhead 0-0: Called Strike
0-1: Fly out, F3 (Popup, 3)
Pinch Hitting: LHB Luis Antonio Torres 0-0: Ball
1-0: SINGLE (Line Drive, 8RS)
Ryobe Yamamoto to third
Jeff Packard to second
Runner from 3rd tries for Home, SAFE, no throw
Batting: RHB Ximena Campos 0-0: Ball
1-0: SINGLE (Groundball, 4MD)
Jeff Packard to third
Luis Antonio Torres to second
Runner from 3rd tries for Home, SAFE, throw made at trailing runner, OUT at third!
Bottom of the 7th over - 2 run(s), 3 hit(s), 0 error(s), 1 left on base; Nevada 2 - Maui 7
TOP OF THE 8TH
Nevada Noise batting - Pitching for Maui Tropics : RHP José García
Now at 3B: Ryobe Yamamoto
Now at SS: Reynaldo Slomp
Now in LF: José Rodríguez
Now in RF: Jeff Packard
Batting: RHB Carlos García 0-0: Ball
1-0: Ground out 5-3 (Groundball, 56)
Pinch Hitting: RHB Stephen Wilson 0-0: Foul Ball, location: 2F
0-1: Foul Ball, location: 2F
0-2: Foul Ball, location: 2F
0-2: Ball
1-2: SINGLE (Flyball, 9LS)
Batting: LHB Willie Wallace 0-0: Called Strike
0-1: Ball
1-1: Called Strike
1-2: Ball
2-2: Foul Ball, location: 2F
2-2: Ball
3-2: Fly out, F8 (Line Drive, 8LM)
Pinch Hitting: LHB Stanley Mullins 0-0: Called Strike
0-1: Swinging Strike
0-2: DOUBLE (Flyball, 7LM)
Stephen Wilson to third
Runner from 3rd tries for Home, SAFE, no throw
Pinch Hitting: RHB Edward Young 0-0: Swinging Strike
0-1: Foul Ball, location: 2F
0-2: SINGLE (Line Drive, 6MD)
Stanley Mullins to third
Runner from 3rd tries for Home, SAFE, no throw
Pitching: RHP Brandon Mitchell
Pinch Hitting: SHB Rob Grun 0-0: Fielders Choice at 2nd, 4-6 (Groundball, 34)
Top of the 8th over - 2 run(s), 3 hit(s), 0 error(s), 0 left on base; Nevada 4 - Maui 7
BOTTOM OF THE 8TH
Maui Tropics batting - Pitching for Nevada Noise : LHP Alberto Martínez
Pitching: LHP Rob Greene
Now at 1B: Stanley Mullins
Now at 2B: Stephen Wilson
Now in LF: Rob Grun
Now in RF: Edward Young
Pinch Hitting: RHB Bo Vickers 0-0: DOUBLE (Groundball, 5L)
Pinch Hitting: LHB Ernesto López 0-0: Fly out, F8 (Flyball, 8RD)
Runner from 2nd tags up, SAFE at 3rd, no throw
Batting: RHB John Brown 0-0: Called Strike
0-1: Ball
1-1: Swinging Strike
1-2: Ball
2-2: Strikes out swinging
Batting: RHB José Rodríguez 0-0: Called Strike
0-1: Ball
1-1: Foul Ball, location: 2F
1-2: Ball
2-2: Ball
3-2: Foul Ball, location: 2F
3-2: Ground out 6-3 (Groundball, 6)
Bottom of the 8th over - 0 run(s), 1 hit(s), 0 error(s), 1 left on base; Nevada 4 - Maui 7
TOP OF THE 9TH
Nevada Noise batting - Pitching for Maui Tropics : RHP Brandon Mitchell
Pitching: LHP Kent Robinson
Now at 3B: Bo Vickers
Now in LF: Ernesto López
Pinch Hitting: RHB Jesús Hernández 0-0: Ball
1-0: Called Strike
1-1: Ball
2-1: Ball
3-1: Ground out 6-3 (Groundball, 6)
Pinch Hitting: RHB Rich Ruffin 0-0: Ball
1-0: Called Strike
1-1: Ball
2-1: SINGLE (Flyball, 8LS)
Pinch Hitting: RHB Jack Bailey 0-0: Ball
1-0: Called Strike
1-1: Ball
2-1: Foul Ball, location: 2F
2-2: Grounds into double play, 5-4-3 (Groundball, 56)
Top of the 9th over - 0 run(s), 1 hit(s), 0 error(s), 0 left on base; Nevada 4 - Maui 7
Tuesday, August 8th, 2017 - OOTP Baseball 17.12 Build 75